AoeStats
← Saryle

Arena

510294884Analyzed
1v1 RM · 2d ago on Sep 30, 2026· 25m 33s· 2 players
Game mode
Random Map
Map size
Tiny (2 player)
Population
200
Speed
Normal
Resources
Standard
Victory
Conquest
Starting age
Dark Age
Ending age
Imperial Age
RankedLock teamsTeams togetherTeam positionsShared explorationLock speedFull tech treeHidden civsTurbo modeCheats
Victory
Defeat
🇪🇸 Spanish · Spain
890
+13
🇫🇷 Magyars · France
831
-13
Fernandez Sama
5:07 Loom
10:46 Feudal Age
14:45 Castle Age
13:20 Double-Bit Axe
16:02 Wheelbarrow
15:44 Bow Saw
17:04 Wheelbarrow
16:14 Horse Collar
19:51 Heavy Plow
25:21 Gold Mining
25:57 Hand Cart
Saryle
12:28 Feudal Age
13:20 Man-at-Arms
15:50 Horse Collar
15:58 Double-Bit Axe
22:04 Castle Age
20:37 Stone Mining
20:46 Gold Mining
21:24 Scale Mail Armor
22:31 Scale Barding Armor
22:54 Bloodlines
23:37 Pikeman
Connection lost

Rejoining the realm…

Still unreachable

The connection could not be restored.

Session expired

The server has moved on; the page needs a fresh start.